[ PARTIDA AOE2 · #477608298 ]
1v1 RMBritanos vs Gurjaras
Equipo del jugador · VICT
Equipo rival · DERR
[ ANÁLISIS DE REPETICIÓN · EXTRAÍDO DE LA PARTIDA GRABADA ]
Feudal
13:13
Castillos
—
Imperial
—
| APM promedio | 30.2 |
| APM pico | 52 |
| eAPM promedio | 16.0 |
| Aldeanos / militares | 35 / 17 |
Foco
⚔️ 18.5% · 🌾 81.5%
Militia ×15 · Spearman ×2
Feudal
9:31
Castillos
—
Imperial
—
| APM promedio | 14.9 |
| APM pico | 41 |
| eAPM promedio | 10.0 |
| Aldeanos / militares | 41 / 23 |
Foco
⚔️ 22.2% · 🌾 77.8%
Militia ×20 · Spearman ×3
Mapa de la partida
Recursos iniciales + cada clic de construcción. Líneas = muros · curvas = relieve. ◆ oro · ⬟ piedra · ● bayas · ✦ reliquia · ◌ hueco del cierre
Tu base· Abierta — flanco sin cerrar
Base de Nakata· Abierta — flanco sin cerrar
Terreno inicial suavizado · ◌ = hueco del cierre detectado · pasá el cursor para detalles
Inputs por minuto
— moorea4086 - - Nakata
Build order — moorea4086
95 acciones detectadas en el replay
| 0:04 | Crear | Villager (Male) |
| 0:05 | Crear | Villager (Male) |
| 0:05 | Crear | Villager (Male) |
| 0:05 | Crear | Villager (Male) |
| 0:05 | Crear | Villager (Male) |
| 0:07 | Construir | House |
| 0:10 | Construir | House |
| 1:32 | Crear | Villager (Male) |
| 1:32 | Crear | Villager (Male) |
| 2:18 | Crear | Villager (Male) |
| 2:18 | Crear | Villager (Male) |
| 2:58 | Crear | Villager (Male) |
| 2:59 | Crear | Villager (Male) |
| 3:12 | Construir | Lumber Camp |
| 3:40 | Crear | Villager (Male) |
| 3:47 | Construir | House |
| 3:49 | Crear | Villager (Male) |
| 4:14 | Construir | Mill |
| 4:17 | Crear | Villager (Male) |
| 4:57 | Crear | Villager (Male) |
| 5:51 | Crear | Villager (Male) |
| 5:51 | Crear | Villager (Male) |
| 6:20 | Construir | Barracks |
| 6:37 | Construir | Mining Camp |
| 6:46 | Crear | Villager (Male) |
| 7:03 | Crear | Villager (Male) |
| 7:12 | Construir | House |
| 7:18 | Investigar | Loom |
| 7:19 | Crear | Villager (Male) |
| 7:19 | Crear | Villager (Male) |
| 7:29 | Crear | Villager (Male) |
| 7:31 | Crear | Militia |
| 7:31 | Crear | Militia |
| 7:31 | Crear | Militia |
| 7:56 | Crear | Militia |
| 8:16 | Crear | Villager (Male) |
| 8:18 | Crear | Militia |
| 8:34 | Crear | Militia |
| 8:45 | Construir | House |
| 9:18 | Crear | Villager (Male) |
| 9:18 | Crear | Villager (Male) |
| 9:42 | Crear | Militia |
| 9:56 | Crear | Villager (Male) |
| 10:15 | Crear | Militia |
| 11:03 | Investigar | Feudal Age |
| 12:44 | Crear | Militia |
| 12:46 | Crear | Villager (Male) |
| 12:50 | Construir | House |
| 13:09 | Construir | Lumber Camp |
| 13:13 | Edad | Edad Feudal |
| 13:19 | Investigar | Arson |
| 13:20 | Investigar | Man-at-Arms (upgrade) |
| 13:27 | Construir | Blacksmith |
| 14:06 | Crear | Militia |
| 14:09 | Investigar | Horse Collar |
| 14:45 | Crear | Militia |
| 14:55 | Construir | Farm |
| 14:56 | Construir | Farm |
| 14:58 | Construir | Farm |
| 15:14 | Crear | Militia |
| 15:15 | Crear | Villager (Male) |
| 15:22 | Construir | Farm |
| 15:24 | Construir | Farm |
| 16:05 | Investigar | Scale Mail Armor |
| 16:13 | Construir | Farm |
| 16:15 | Construir | Farm |
| 16:41 | Construir | Farm |
| 16:41 | Construir | Farm |
| 16:42 | Construir | Farm |
| 16:42 | Construir | Farm |
| 16:42 | Construir | Farm |
| 16:42 | Construir | Farm |
| 16:47 | Construir | Farm |
| 17:07 | Crear | Villager (Male) |
| 17:18 | Crear | Militia |
| 17:42 | Crear | Villager (Male) |
| 17:46 | Construir | Farm |
| 17:48 | Construir | Farm |
| 17:49 | Construir | Farm |
| 17:56 | Construir | House |
| 17:59 | Construir | House |
| 18:08 | Construir | House |
| 18:51 | Crear | Militia |
| 18:52 | Crear | Militia |
| 19:10 | Crear | Villager (Male) |
| 19:10 | Crear | Villager (Male) |
| 19:13 | Crear | Villager (Male) |
| 19:49 | Investigar | Forging |
| 20:10 | Crear | Spearman |
| 20:10 | Crear | Spearman |
| 20:36 | Crear | Villager (Male) |
| 20:39 | Construir | Farm |
| 20:40 | Construir | Farm |
| 21:11 | Crear | Villager (Male) |
| 21:32 | Construir | Market |
Build order — Nakata
116 acciones detectadas en el replay
| 0:00 | Crear | Villager (Male) |
| 0:01 | Crear | Villager (Male) |
| 0:02 | Crear | Villager (Male) |
| 0:03 | Crear | Villager (Male) |
| 0:07 | Construir | House |
| 0:40 | Construir | House |
| 1:21 | Construir | Mill |
| 1:35 | Crear | Villager (Male) |
| 2:08 | Crear | Villager (Male) |
| 2:31 | Crear | Villager (Male) |
| 2:57 | Crear | Villager (Male) |
| 3:25 | Investigar | Loom |
| 3:39 | Crear | Villager (Male) |
| 3:40 | Crear | Villager (Male) |
| 3:50 | Construir | House |
| 3:54 | Crear | Villager (Male) |
| 5:06 | Crear | Villager (Male) |
| 5:08 | Crear | Villager (Male) |
| 5:24 | Crear | Villager (Male) |
| 5:33 | Crear | Villager (Male) |
| 5:42 | Crear | Villager (Male) |
| 5:43 | Crear | Villager (Male) |
| 6:02 | Crear | Villager (Male) |
| 6:52 | Construir | Lumber Camp |
| 7:21 | Investigar | Feudal Age |
| 7:52 | Crear | Villager (Male) |
| 8:40 | Construir | Mill |
| 8:55 | Crear | Villager (Male) |
| 8:58 | Crear | Villager (Male) |
| 9:31 | Edad | Edad Feudal |
| 9:34 | Construir | House |
| 9:36 | Investigar | Wheelbarrow |
| 9:41 | Crear | Villager (Male) |
| 9:42 | Crear | Villager (Male) |
| 9:42 | Crear | Villager (Male) |
| 10:06 | Investigar | Horse Collar |
| 10:09 | Investigar | Double-Bit Axe |
| 10:19 | Construir | Farm |
| 10:19 | Construir | Farm |
| 10:20 | Construir | Farm |
| 11:03 | Crear | Villager (Male) |
| 11:29 | Construir | Farm |
| 11:42 | Construir | Barracks |
| 11:51 | Construir | House |
| 12:33 | Crear | Villager (Male) |
| 12:34 | Crear | Villager (Male) |
| 12:34 | Crear | Villager (Male) |
| 12:34 | Crear | Villager (Male) |
| 12:43 | Investigar | Man-at-Arms (upgrade) |
| 12:52 | Construir | Lumber Camp |
| 13:01 | Construir | Farm |
| 13:13 | Construir | House |
| 13:25 | Construir | House |
| 13:33 | Construir | Farm |
| 13:45 | Crear | Villager (Male) |
| 13:47 | Crear | Villager (Male) |
| 13:47 | Crear | Villager (Male) |
| 14:02 | Crear | Spearman |
| 14:02 | Crear | Spearman |
| 14:02 | Crear | Spearman |
| 14:16 | Construir | House |
| 14:17 | Construir | House |
| 14:32 | Construir | Mining Camp |
| 14:36 | Crear | Villager (Male) |
| 14:52 | Crear | Villager (Male) |
| 14:54 | Crear | Villager (Male) |
| 15:24 | Construir | Farm |
| 15:24 | Construir | Farm |
| 15:24 | Construir | Farm |
| 15:25 | Construir | Farm |
| 15:41 | Crear | Villager (Male) |
| 16:09 | Construir | House |
| 16:09 | Construir | House |
| 16:13 | Crear | Militia |
| 16:13 | Crear | Militia |
| 16:13 | Crear | Militia |
| 16:28 | Construir | Farm |
| 16:42 | Construir | Farm |
| 16:43 | Crear | Villager (Male) |
| 16:51 | Crear | Militia |
| 16:51 | Crear | Militia |
| 17:03 | Construir | Blacksmith |
| 17:07 | Crear | Militia |
| 17:07 | Crear | Militia |
| 17:09 | Crear | Villager (Male) |
| 17:31 | Crear | Villager (Male) |
| 17:46 | Investigar | Forging |
| 17:58 | Construir | House |
| 18:10 | Investigar | Scale Mail Armor |
| 18:25 | Construir | House |
| 18:26 | Construir | House |
| 18:35 | Crear | Militia |
| 18:43 | Crear | Villager (Male) |
| 19:06 | Crear | Militia |
| 19:07 | Crear | Militia |
| 19:33 | Crear | Militia |
| 19:33 | Crear | Militia |
| 19:43 | Construir | House |
| 19:44 | Construir | House |
| 19:45 | Construir | House |
| 19:47 | Construir | House |
| 19:51 | Crear | Militia |
| 19:57 | Construir | House |
| 19:59 | Construir | House |
| 20:15 | Construir | House |
| 20:15 | Construir | House |
| 20:15 | Construir | House |
| 20:30 | Crear | Militia |
| 20:31 | Crear | Militia |
| 20:42 | Crear | Villager (Male) |
| 20:52 | Crear | Militia |
| 20:52 | Crear | Militia |
| 21:19 | Construir | Farm |
| 21:32 | Crear | Militia |
| 21:32 | Crear | Militia |
| 21:32 | Crear | Militia |
Cronología de la partida
| 6:20 | moorea4086 · first_building Barracks |
| 9:31 | Nakata · age_up feudal |
| 11:42 | Nakata · first_building Barracks |
| 13:13 | moorea4086 · age_up feudal |
| 21:47 | Nakata · resign |
[ ANÁLISIS IA · 1 CRÉDITO ]
¿Qué pasó realmente en esta partida?
Wolo.gg analiza cada decisión: build order, eco, micro, errores típicos por bracket. Análisis personalizado por WhatsApp o Discord en 30 segundos.
Guía civ
Britanos
Guía mapa
Arabia
Perfil
moorea4086